 Dungeon Sprint DCSS version 0.21.1-1-g345015f (webtiles) character file.

0 doot the Ruffian (level 2, 31/31 HPs)
             Began as a Troll Berserker on June 12, 2018.
             Was a Follower of Trog.
             Quit the game in the Dungeon (Sprint VI: "Thunderdome").
             The game lasted 00:00:56 (22 turns).

doot the Ruffian (Troll Berserker)                    Turns: 22, Time: 00:00:57

Health: 31/31      AC:  0    Str: 30    XL:     2   Next: 3%
Magic:  0/1        EV: 11    Int:  9    God:    Trog [*.....]
Gold:   20         SH:  0    Dex: 12    Spells: 1/1 levels left

rFire    . . .     SeeInvis .     - Unarmed
rCold    . . .     Gourm    +   (no shield)
rNeg     . . .     Faith    .   a - +0 animal skin
rPois    .         Spirit   +   (helmet restricted)
rElec    .         Reflect  .   (no cloak)
rCorr    .         Harm     .   (gloves unavailable)
MR       +....     NoTele   +   (boots unavailable)
Stlth    +.........             n - amulet "Moohey" {Spirit Int+6}
HPRegen  0.50/turn              p - ring of Generosity {+Fly AC-5} (curse)
MPRegen  0.07/turn              o - ring "Yttaofos" {-Tele MR+ Str+6 Dex+3}

@: no status effects
A: large, unfitting armour, claws 3, fast metabolism 3, gourmand, regeneration
1, shaggy fur 1, tough skin 2
a: Berserk, Burn Spellbooks, Renounce Religion, Evoke Flight


You were in the Dungeon.
You worshipped Trog.
Trog was aware of your devotion.
You were not hungry.

You visited 1 branch You collected 200 gold pieces.
You spent 180 gold pieces at shops.

Inventory:

Armour
 a - a +0 animal skin (worn)
Jewellery
 m - the ring "Icacko" {rC+ MP+9}
   (You bought it in a shop in the Dungeon)

   [ring of magical power]

   It protects you from cold.
   It affects your magic capacity (+9).
 n - the amulet "Moohey" (around neck) {Spirit Int+6}
   (You bought it in a shop in the Dungeon)

   [amulet of guardian spirit]

   It causes incoming damage to be split between your health and magic.
   It affects your intelligence (+6).
 o - the ring "Yttaofos" (right claw) {-Tele MR+ Str+6 Dex+3}
   (You bought it in a shop in the Dungeon)

   [ring of protection from magic]

   It affects your strength (+6).
   It affects your dexterity (+3).
   It affects your resistance to hostile enchantments.
   It prevents most forms of teleportation.
 p - the cursed ring of Generosity (left claw) {+Fly AC-5}
   (You bought it in a shop in the Dungeon)

   [ring of protection]

   It affects your AC (-5).
   It lets you fly.
   It has a curse placed upon it.
Wands
 i - a wand of acid (5)
 j - a wand of iceblast (5)
Scrolls
 h - 4 scrolls of blinking
 k - 3 scrolls of fog
Potions
 c - a potion of curing
 d - 4 potions of heal wounds
 e - 4 potions of haste
 f - 2 potions of magic
 g - a potion of berserk rage
 l - a potion of resistance
Comestibles
 b - 2 rations


   Skills:
 + Level 3.1 Fighting
 + Level 3.1 Dodging
 + Level 3.8 Unarmed Combat


You had one spell level left.
You didn't know any spells.

Dungeon Overview and Level Annotations

Branches:
Dungeon (1/1)

Altars:
Dithmenos
Okawaru
Uskayaw
Yredelemnul
Beogh
Jiyva

Shops:
D *[%?


Innate Abilities, Weirdness & Mutations

You are too large for most types of armour.
You have claws for hands.
Your metabolism is lightning-fast.
You like to eat raw meat.
Your natural rate of healing is unusually fast.
You are covered in fur. (AC +1)
You have very tough skin. (AC +2)


Message History

Unknown command.
Unknown command.
Unknown command.
Put on which piece of jewellery? (? for menu, Esc to quit)
Okay, then.
Unknown command.
Unknown command.
p - a scorched jade ring Thank you for shopping at Aluarrex's Jewellery!
Unknown command.
Put on which piece of jewellery? (? for menu, Esc to quit)
You're wearing all the rings you can.
Remove which one? (? for menu, Esc to cancel) < or
m - the ring "Icacko" {rC+ MP+9} > or
o - the ring "Yttaofos" {-Tele MR+ Str+6 Dex+3} You remove the ring "Icacko" {rC+ MP+9}.
You feel your magic capacity decrease.
Oops, that ring feels deathly cold.
p - the cursed ring of Generosity (left claw) {+Fly AC-5} Are you sure you want to abandon this character and quit the game? (Confirm with "yes".)

#_....... #_.......
###.........
#⌠........ .
######.8...... ..
##∩.._......# ..
###@........8.# .8.
#.............###...
#⌠..........###...#
#⌠..........# #.<.#
#⌠..........# #...#
##.............###..
###∩........8. .8.
##∩___......# ..
######.8.... ..


There were no monsters in sight!

Vanquished Creatures
  An adder (D)
1 creature vanquished.

Notes
Turn   | Place    | Note
-------+----------+-------------------------------------------
     0 | D        | doot the Troll Berserker began the quest for the Orb.
     0 | D        | Reached XP level 1. HP: 22/22 MP: 0/0
     1 | D        | Found a viscous altar of Jiyva.
     1 | D        | Found a roughly hewn altar of Beogh.
     2 | D        | Found an iron altar of Okawaru.
     3 | D        | Found a basalt altar of Yredelemnul.
     4 | D        | Found Dyumoyng's Delicious Food.
     4 | D        | Found a shadowy altar of Dithmenos.
     4 | D        | Found a hide-covered altar of Uskayaw.
     4 | D        | Found Doivigil's Identification Station.
     5 | D        | Found Aluarrex's Jewellery.
     5 | D        | Found Jonoenk's Advanced Armour.
     5 | D        | Round 1.
    14 | D        | Reached XP level 2. HP: 31/31 MP: 1/1
    17 | D        | Bought a steaming marble ring for 45 gold pieces
    17 | D        | Bought a shimmering platinum amulet for 45 gold pieces
    17 | D        | Bought a fine granite ring for 45 gold pieces
    17 | D        | Identified the ring "Icacko" {rC+ MP+9} (You bought it in a shop in the Dungeon)
    18 | D        | Identified the amulet "Moohey" {Spirit Int+6} (You bought it in a shop in the Dungeon)
    19 | D        | Identified the ring "Yttaofos" {-Tele MR+ Str+6 Dex+3} (You bought it in a shop in the Dungeon)
    20 | D        | Bought a scorched jade ring for 45 gold pieces
    21 | D        | Identified the cursed ring of Generosity {+Fly AC-5} (You bought it in a shop in the Dungeon)
    22 | D        | Quit the game

Skill      XL: |  1 |
---------------+----+-----
Fighting       | 3 |  3.1
Dodging        | 3 |  3.1
Unarmed Combat | |  3.8

Action                   || total
-------------------------++-------
Melee: Unarmed           ||     4
Dodge: Dodged            ||     3
